AoeStats
← vixilixiv

Golden Pit

508635431Analyzed
1v1 RM · 11d ago on Sep 23, 2026· 50m 24s· 2 players
Game mode
Random Map
Map size
Tiny (2 player)
Population
200
Speed
Normal
Resources
Standard
Victory
Conquest
Starting age
Dark Age
Ending age
Imperial Age
RankedLock teamsTeams togetherTeam positionsShared explorationLock speedFull tech treeHidden civsTurbo modeCheats
Victory
Defeat
🇮🇳 Bulgarians · India
682
+19
🇬🇧 Ethiopians · United Kingdom
751
-19
vixilixiv
4:11 Loom
10:57 Feudal Age
11:43 Horse Collar
13:58 Double-Bit Axe
21:41 Castle Age
20:53 Fletching
21:05 Padded Archer Armor
21:31 Stone Mining
21:31 Gold Mining
22:06 Gold Mining
22:01 Elite Skirmisher
23:10 Bodkin Arrow
29:11 Bow Saw
34:09 Scale Mail Armor
36:52 Gold Shaft Mining
43:07 Imperial Age
callumfrance1
1:07 Loom
13:43 Feudal Age
22:37 Double-Bit Axe
26:32 Castle Age
25:07 Horse Collar
26:23 Padded Archer Armor
26:13 Fletching
26:25 Stone Mining
26:25 Gold Mining
26:46 Crossbowman
29:43 Bow Saw
31:29 Squires
31:45 Thumb Ring
41:44 Wheelbarrow
40:55 Town Watch
45:46 Stone Shaft Mining
45:01 Gold Mining
45:51 Elite Skirmisher
50:33 Imperial Age
Connection lost

Rejoining the realm…

Still unreachable

The connection could not be restored.

Session expired

The server has moved on; the page needs a fresh start.